 Dungeon Crawl Stone Soup version 0.21-a0-442-g848f44b (webtiles) character file.

140 slep the Skirmisher (level 5, -6/43 HPs)
             Began as a Demonspawn Wanderer on Nov 17, 2017.
             Splashed by a jelly's acid (9 damage)
             ... on level 3 of the Dungeon.
             The game lasted 00:09:21 (1863 turns).

slep the Skirmisher (Demonspawn Wanderer)           Turns: 1863, Time: 00:09:23

Health: -6/43      AC:  1    Str: 16    XL:     5   Next: 2%
Magic:  5/5        EV:  8    Int: 12    God:
Gold:   89         SH:  7    Dex: 11    Spells: 4/4 levels left

rFire    . . .     SeeInvis .   p - +1 spear (pierce)
rCold    . . .     Gourm    .   c - +0 shield
rNeg     . . .     Faith    .   b - +0 ring mail
rPois    .         Spirit   .   (helmet restricted)
rElec    .         Reflect  .   v - +1 cloak
rCorr    .         Harm     .   (no gloves)
MR       .....                  (no boots)
Stlth    +.........             (no amulet)
HPRegen  0.14/turn              (no ring)
MPRegen  0.09/turn              (no ring)

@: corroded
A: horns 1, thin metallic scales 1, rot immunity
a: no special abilities


You were on level 3 of the Dungeon.
You were not hungry.

You visited 1 branch of the dungeon, and saw 3 of its levels.

You collected 89 gold pieces.

Inventory:

Hand Weapons
 a - a +2 quarterstaff
 p - a +1 spear of piercing (weapon)
 r - a +0 falchion
 t - a +3 hunting sling
Missiles
 o - 185 stones (quivered)
Armour
 b - a +0 ring mail (worn)
 c - a +0 shield (worn)
 v - a +1 cloak (worn)
 x - a +0 buckler
Scrolls
 f - 2 scrolls of remove curse {unknown}
 g - 2 scrolls of amnesia {unknown}
 k - a scroll of identify {unknown}
 l - a scroll of teleportation {unknown}
 w - a scroll of random uselessness {unknown}
 y - a scroll of magic mapping {unknown}
Potions
 e - 2 potions of curing {unknown}
 h - a potion of flight {unknown}
 j - a potion of cancellation {unknown}
 n - a potion of might {unknown}
 q - a potion of haste {unknown}
 s - 2 potions of ambrosia {unknown}
 u - 2 potions of brilliance {unknown}
Comestibles
 d - 2 bread rations
 i - 4 meat rations
 m - 5 fruits


   Skills:
 + Level 4.7 Fighting
 + Level 2.1(2.6) Polearms
 + Level 2.3(2.8) Staves
 + Level 1.0 Throwing
 + Level 2.6 Armour
 + Level 0.9 Dodging
 + Level 1.0 Shields


You had 4 spell levels left.
You didn't know any spells.

Dungeon Overview and Level Annotations

Branches:
Dungeon (3/15)

Altars:
Qazlal
Uskayaw
Xom


Innate Abilities, Weirdness & Mutations

You have a pair of small horns on your head.
You are partially covered in thin metallic scales. (AC +2)
You are immune to rotting.


Message History

The jelly is lightly wounded.
You block the jelly's attack.
Your shield prevents you from hitting the jelly.
The jelly is lightly wounded.
The jelly hits you.
You are splashed with acid!
The acid burns!
You hit the jelly.
Your hands burn!
* * * LOW HITPOINT WARNING * * *
The jelly is moderately wounded.
The jelly barely misses you.
You hit the jelly. The acid corrodes you!
Your hands burn!
* * * LOW HITPOINT WARNING * * *
The jelly is moderately wounded.
The jelly closely misses you.
You hit the jelly.
Your hands burn!
* * * LOW HITPOINT WARNING * * *
The jelly is severely wounded.
The jelly hits you.
* * * LOW HITPOINT WARNING * * *
You are splashed with acid!
The acid burns!
You die...

####### ####...# #..+.'...#
...###...########
####...###@.........##
#..#._.+.J...........#
#..#...###............ ####
#..#...# #........(...#
...####..##..+ +............#
...##.....######............#
...##.#.......###...........#
<..##.#.......# ##.........#
...##.#.......# #..........##


You could see a jelly.

Vanquished Creatures
  A jelly (D:3)
  2 adders
  An ooze (D:3)
  8 worms
  2 dart slugs (D:2)
  A leopard gecko (D:2)
  An orc (D:3)
  2 giant cockroaches
  14 goblins
  3 hobgoblins
  3 jackals (D:3)
  3 kobolds
  A quokka (D:2)
  6 bats
  6 frilled lizards
  6 rats
60 creatures vanquished.

Vanquished Creatures (others)
  5 toadstools (D:1)
5 creatures vanquished.

Grand Total: 65 creatures vanquished

Notes
Turn   | Place    | Note
-------+----------+-------------------------------------------
     0 | D:1      | slep the Demonspawn Wanderer began the quest for the Orb.
     0 | D:1      | slep set off with: a +2 quarterstaff, a +0 ring mail, a +0 shield, a bread ration
     0 | D:1      | Reached XP level 1. HP: 19/19 MP: 1/1
   301 | D:1      | Gained mutation: You are partially covered in thin metallic scales. (AC +2) [demonic ancestry]
   301 | D:1      | Reached XP level 2. HP: 21/26 MP: 2/2
   759 | D:2      | Found a hide-covered altar of Uskayaw.
   822 | D:2      | Gained mutation: You are immune to rotting. [demonic ancestry]
   822 | D:2      | Reached XP level 3. HP: 28/31 MP: 3/3
  1133 | D:2      | Reached skill level 1 in Polearms
  1173 | D:2      | Reached XP level 4. HP: 21/38 MP: 4/4
  1502 | D:3      | Found a stormy altar of Qazlal.
  1718 | D:3      | Found a shimmering altar of Xom.
  1855 | D:3      | Gained mutation: You have a pair of small horns on your head. [demonic ancestry]
  1855 | D:3      | Reached XP level 5. HP: 34/43 MP: 5/5
  1863 | D:3      | Splashed by a jelly's acid

Vault maps used:
D:1:      ldierk_walled_garden
D:2:      eat_drink_and_be_merry_uskayaw, first_bread, dk_noncrumbling_2,
          kennysheep_cluttered_room
D:3:      minmay_goblin_kobold_castle, nicolae_overflow_crystal_walls,
          kennysheep_decorative_pillar, dk_xom_monty_hall

Skill      XL: |  1  2  3  4 |
---------------+-------------+-----
Staves         | 2 |  2.3
Armour         | 2 |  2.6
Polearms       | 1 2 |  2.1
Fighting       | |  4.7
Throwing       | |  1.0
Dodging        | |  0.9
Shields        | |  1.0

Action                   |  1- 3 |  4- 6 || total
-------------------------+-------+-------++-------
Melee: Quarterstaff      |    45 |       ||    45
       Spear             |    84 |    79 ||   163
Throw: Stone             |     9 |       ||     9
  Eat: Chunk             |     1 |     2 ||     3
Armor: Ring mail         |    49 |    25 ||    74
Dodge: Dodged            |    59 |    40 ||    99
Block: Shield            |       |     1 ||     1

Table legend:
 A = Spawn XP
 B = Non-spawn XP
 C = Spawn XP percentage of total XP
 D = Spawn monster count
 E = Non-spawn monster count
 F = Spawn count percentage of total count
 G = Total turns spent on level
                    A         B        C        D         E        F      G
               +---------+---------+-------+---------+---------+-------+---------
         Total |       0 |     200 |   0.0 |       0 |      60 |   0.0 |  1863
               +---------+---------+-------+---------+---------+-------+---------
           D:1 |       0 |      25 |   0.0 |       0 |      16 |   0.0 |   686
           D:2 |       0 |      73 |   0.0 |       0 |      25 |   0.0 |   778
           D:3 |       0 |     102 |   0.0 |       0 |      19 |   0.0 |   399
               +---------+---------+-------+---------+---------+-------+---------
